Workbook
Name AbaDeprec: '4. Depreciação'!$A$1
Name AbaRemun: '6.Remuneração de capital'!$A$1

Sheet 1. Coleta Domiciliar
B4: PREFEITURA MUNICIPAL DE JAGUARÃO - RS
B5: Av. 27 de Janeiro, 422 - CEP 96300-00
B6: Fone: 53-3261-1999
A8: 1. Coleta de Resíduos Sólidos
A9: Planilha de Composição de Custos
A11: Orçamento Sintético
A12: Descrição do Item | E12: Custo (R$/mês) | F12: %
A13: =A52 -> 1. Mão-de-obra | E13: =+F139 -> 79174.498 | F13: =IFERROR(E13/$E$35,0) -> 0.34044649
A14: =A54 -> 1.1. Coletor Turno Dia e Gari para Limpeza Conteiner | E14: =F65 -> 41650.753 | F14: =IFERROR(E14/$E$35,0) -> 0.17909621
A15: =A66 -> 1.2. Coletor Turno Noite | E15: =F83 -> 0 | F15: =IFERROR(E15/$E$35,0) -> 0
A16: =A85 -> 1.3. Motorista Turno do Dia - Caminhão Coletor e Caminhão Toco | E16: =F98 -> 28638.645 | F16: =IFERROR(E16/$E$35,0) -> 0.12314478
A17: =A100 -> 1.4. Motorista Turno Noite | E17: =F119 -> 0 | F17: =IFERROR(E17/$E$35,0) -> 0
A18: =A120 -> 1.5. Vale Transporte | E18: =F126 -> 1842.4 | F18: =IFERROR(E18/$E$35,0) -> 0.0079222303
A19: =A128 -> 1.6. Vale-refeição (diário) | E19: =F132 -> 6787.5 | F19: =IFERROR(E19/$E$35,0) -> 0.02918592
A20: =A134 -> 1.7. Plano de Beneficio Social Familiar | E20: =F138 -> 255.2 | F20: =IFERROR(E20/$E$35,0) -> 0.0010973476
A21: =A141 -> 2. Uniformes e Equipamentos de Proteção Individual | E21: =+F173 -> 3813.6933 | F21: =IFERROR(E21/$E$35,0) -> 0.016398696
A22: =A175 -> 3. Veículos e Equipamentos | E22: =+F251 -> 64050.782 | F22: =IFERROR(E22/$E$35,0) -> 0.27541525
A23: =A177 -> 3.1. Veículos Truck Coletor Compactador mínimo 15 m³ | E23: =SUM(E24:E29) -> 64050.782 | F23: =IFERROR(E23/$E$35,0) -> 0.27541525
A24: =A179 -> 3.1.1. Depreciação | E24: =F193 -> 17321.13 | F24: =IFERROR(E24/$E$35,0) -> 0.074480018
A25: =A195 -> 3.1.2. Remuneração do Capital | E25: =F209 -> 17832.676 | F25: =IFERROR(E25/$E$35,0) -> 0.07667964
A26: =A211 -> 3.1.3. Impostos e Seguros (2 veículos + 1 veículo reserva dedicação exclusiva) | E26: =F217 -> 5940.536 | F26: =IFERROR(E26/$E$35,0) -> 0.025544016
A27: =A218 -> 3.1.4. Consumos | E27: =F234 -> 14094.506 | F27: =IFERROR(E27/$E$35,0) -> 0.060605691
A28: =A236 -> 3.1.5. Manutenção | E28: =F239 -> 4822.74 | F28: =IFERROR(E28/$E$35,0) -> 0.020737547
A29: =A241 -> 3.1.6. Pneus | E29: =F248 -> 4039.1936 | F29: =IFERROR(E29/$E$35,0) -> 0.017368336
A30: =A253 -> 4. Ferramentas e Materiais de Consumo | E30: =+F263 -> 361.66667 | F30: =IFERROR(E30/$E$35,0) -> 0.0015551491
A31: =A265 -> 5. Contêineres | E31: =+F290 -> 20920.191 | F31: =IFERROR(E31/$E$35,0) -> 0.089955804
A32: 6. Monitoramento da Frota | E32: =F301 -> 539.95 | F32: =IFERROR(E32/$E$35,0) -> 0.0023217587
A33: 7. Veículo de Apoio | E33: =F385 -> 13012.036 | F33: =IFERROR(E33/$E$35,0) -> 0.05595112
A34: =A389 -> 8. Benefícios e Despesas Indiretas - BDI | E34: =+F395 -> 50687.954 | F34: =IFERROR(E34/$E$35,0) -> 0.21795574
A35: PREÇO TOTAL MENSAL COM A COLETA | E35: =E13+E21+E22+E30+E31+E32+E33+E34 -> 232560.77 | F35: =F13+F21+F22+F30+F31+F32+F33+F34 -> 1
A38: Quantitativos
A39: Mão-de-obra | E39: Quantidade
A40: =+A54 -> 1.1. Coletor Turno Dia e Gari para Limpeza Conteiner | E40: 7
A41: =+A66 -> 1.2. Coletor Turno Noite | E41: =C82 -> 0
A42: =+A85 -> 1.3. Motorista Turno do Dia - Caminhão Coletor e Caminhão Toco | E42: 3
A43: =+A100 -> 1.4. Motorista Turno Noite | E43: =C118 -> 0
A44: Total de mão-de-obra (postos de trabalho) | E44: =SUM(E40:E43) -> 10
A46: Veículos e Equipamentos | E46: Quantidade
A47: =+A177 -> 3.1. Veículos Truck Coletor Compactador mínimo 15 m³ | E47: 2
A48: 3.2. Veículo Toco de Apoio 6m³ | E48: 1
A50: Fator de utilização (FU) | B50: 1
A52: 1. Mão-de-obra
A54: 1.1. Coletor Turno Dia e Gari para Limpeza Conteiner
A55: Discriminação | B55: Unidade | C55: Quantidade | D55: Custo unitário | E55: Subtotal | F55: Total (R$)
A56: Piso da categoria - Sindicato das empresas de Asseio e Conservação RS | B56: mês | C56: 1 | D56: 2082.31 | E56: =C56*D56 -> 2082.31
A57: Horas Extras (100%) | B57: hora | C57: =C89 -> 8.6666667 | D57: =D56/220*2 -> 18.930091 | E57: =C57*D57 -> 164.06079 | G57: Excluir esta linha caso a contratação não tenha previsão de horas extras 100% explícita no edital
A58: Horas Extras (50%) | B58: hora | C58: =C90 -> 8.6666667 | D58: =D56/220*1.5 -> 14.197568 | E58: =C58*D58 -> 123.04559 | G58: Excluir esta linha caso a contratação não tenha previsão de horas extras 50% explícita no edital
A59: Descanso Semanal Remunerado (DSR) - hora extra | B59: R$ | D59: =63/302*(SUM(E57:E58)) -> 59.893053 | E59: =D59 -> 59.893053 | G59: Excluir esta linha caso a contratação não tenha previsão de horas extras explícita no edital
A60: Adicional de Insalubridade | B60: % | C60: 40 | D60: =SUM(E56:E59) -> 2429.3094 | E60: =C60*D60/100 -> 971.72377
A61: Soma | E61: =SUM(E56:E60) -> 3401.0332
A62: Encargos Sociais | B62: % | C62: ='2.Encargos Sociais'!$C$34*100 -> 74.95 | D62: =E61 -> 3401.0332 | E62: =D62*C62/100 -> 2549.0744
A63: Total por Coletor | E63: =E61+E62 -> 5950.1076
A64: Total do Efetivo | B64: homem | C64: 7 | D64: =E63 -> 5950.1076 | E64: =C64*D64 -> 41650.753
D65: Fator de utilização | E65: =$B$50 -> 1 | F65: =E64*E65 -> 41650.753
A66: 1.2. Coletor Turno Noite
A67: Discriminação | B67: Unidade | C67: Quantidade | D67: Custo unitário | E67: Subtotal | F67: Total (R$)
A68: Piso da categoria | B68: mês | C68: 1 | D68: =D56 -> 2082.31 | E68: =C68*D68 -> 2082.31
A69: Adicional Noturno | B69: horas trabalhadas
B70: hora contabilizada | C70: =C69*8/7 -> 0 | D70: =D68/220*0.2 -> 1.8930091 | E70: =C69*D70 -> 0
A71: Horas Extras (100%) | B71: hora | D71: =D68/220*2 -> 18.930091 | E71: =C71*D71 -> 0 | G71: Excluir esta linha caso a contratação não tenha previsão de horas extras 100% explícita no edital
A72: Horas Extras Noturnas (100%) | B72: horas trabalhadas | G72: Excluir esta linha caso a contratação não tenha previsão de horas extras noturnas 100% explícita no edital
B73: hora contabilizada | C73: =C72*8/7 -> 0 | D73: =D68/220*2*1.2 -> 22.716109 | E73: =C73*D73 -> 0 | G73: Excluir esta linha caso a contratação não tenha previsão de horas extras noturnas 100% explícita no edital
A74: Horas Extras (50%) | B74: hora | D74: =D68/220*1.5 -> 14.197568 | E74: =C74*D74 -> 0 | G74: Excluir esta linha caso a contratação não tenha previsão de horas extras 50% explícita no edital
A75: Horas Extras Noturnas (50%) | B75: horas trabalhadas | G75: Excluir esta linha caso a contratação não tenha previsão de horas extras noturnas 50% explícita no edital
B76: hora contabilizada | C76: =C75*8/7 -> 0 | D76: =D68/220*1.5*1.2 -> 17.037082 | E76: =C76*D76 -> 0 | G76: Excluir esta linha caso a contratação não tenha previsão de horas extras noturnas 50% explícita no edital
A77: Descanso Semanal Remunerado (DSR) - hora extra | B77: R$ | D77: =63/302*(SUM(E71:E76)) -> 0 | E77: =D77 -> 0 | G77: Excluir esta linha caso a contratação não tenha previsão de horas extras explícita no edital
A78: Adicional de Insalubridade | B78: % | C78: =+C60 -> 40 | D78: =SUM(E68:E77) -> 2082.31 | E78: =C78*D78/100 -> 832.924
A79: Soma | E79: =SUM(E68:E78) -> 2915.234
A80: Encargos Sociais | B80: % | C80: ='2.Encargos Sociais'!$C$34*100 -> 74.95 | D80: =E79 -> 2915.234 | E80: =D80*C80/100 -> 2184.9679
A81: Total por Coletor | E81: =E79+E80 -> 5100.2019
A82: Total do Efetivo | B82: homem | D82: =E81 -> 5100.2019 | E82: =C82*D82 -> 0
D83: Fator de utilização | E83: =$B$50 -> 1 | F83: =E82*E83 -> 0
A85: 1.3. Motorista Turno do Dia - Caminhão Coletor e Caminhão Toco
A86: Discriminação | B86: Unidade | C86: Quantidade | D86: Custo unitário | E86: Subtotal | F86: Total (R$)
A87: Piso da categoria (1) - Sindicato Empresas Transporte e Logistica RS | B87: mês | C87: 1 | D87: 3340.81 | E87: =C87*D87 -> 3340.81
A88: Salário mínimo nacional (2) | B88: mês | C88: 1
A89: Horas Extras (100%) | B89: hora | C89: =52/12*2 -> 8.6666667 | D89: =D87/220*2 -> 30.371 | E89: =C89*D89 -> 263.21533 | G89: Excluir esta linha caso a contratação não tenha previsão de horas extras 100% explícita no edital
A90: Horas Extras (50%) | B90: hora | C90: =52/12*2 -> 8.6666667 | D90: =D87/220*1.5 -> 22.77825 | E90: =C90*D90 -> 197.4115 | G90: Excluir esta linha caso a contratação não tenha previsão de horas extras 50% explícita no edital
A91: Descanso Semanal Remunerado (DSR) - hora extra | B91: R$ | D91: =63/302*(SUM(E89:E90)) -> 96.091028 | E91: =D91 -> 96.091028 | G91: Excluir esta linha caso a contratação não tenha previsão de horas extras explícita no edital
A92: Base de cálculo da Insalubridade | C92: 2
A93: Adicional de Insalubridade | B93: % | C93: 40 | D93: =IF(C92=2,SUM(E87:E91),IF(C92=1,(SUM(E87:E91))*D88/D87,0)) -> 3897.5279 | E93: =C93*D93/100 -> 1559.0111
A94: Soma | E94: =SUM(E87:E93) -> 5456.539
A95: Encargos Sociais | B95: % | C95: ='2.Encargos Sociais'!$C$34*100 -> 74.95 | D95: =E94 -> 5456.539 | E95: =D95*C95/100 -> 4089.676
A96: Total por Motorista | E96: =E94+E95 -> 9546.215
A97: Total do Efetivo | B97: homem | C97: 3 | D97: =E96 -> 9546.215 | E97: =C97*D97 -> 28638.645
D98: Fator de utilização | E98: =$B$50 -> 1 | F98: =E97*E98 -> 28638.645
A100: 1.4. Motorista Turno Noite
A101: Discriminação | B101: Unidade | C101: Quantidade | D101: Custo unitário | E101: Subtotal | F101: Total (R$)
A102: Piso da categoria | B102: mês | C102: 1 | D102: =D87 -> 3340.81 | E102: =C102*D102 -> 3340.81
A103: Salário mínimo nacional | B103: mês | C103: 1 | D103: =D88 -> 0
A104: Adicional Noturno | B104: horas trabalhadas
B105: hora contabilizada | C105: =C104*8/7 -> 0 | D105: =D102/220*0.2 -> 3.0371 | E105: =C104*D105 -> 0
A106: Horas Extras (100%) | B106: hora | D106: =D102/220*2 -> 30.371 | E106: =C106*D106 -> 0 | G106: Excluir esta linha caso a contratação não tenha previsão de horas extras 100% explícita no edital
A107: Horas Extras Noturnas (100%) | B107: horas trabalhadas | G107: Excluir esta linha caso a contratação não tenha previsão de horas extras noturnas 100% explícita no edital
B108: hora contabilizada | C108: =C107*8/7 -> 0 | D108: =D102/220*2*1.2 -> 36.4452 | E108: =C108*D108 -> 0 | G108: Excluir esta linha caso a contratação não tenha previsão de horas extras noturnas 100% explícita no edital
A109: Horas Extras (50%) | B109: hora | D109: =D102/220*1.5 -> 22.77825 | E109: =C109*D109 -> 0 | G109: Excluir esta linha caso a contratação não tenha previsão de horas extras 50% explícita no edital
A110: Horas Extras Noturnas (50%) | B110: horas trabalhadas | G110: Excluir esta linha caso a contratação não tenha previsão de horas extras noturnas 50% explícita no edital
B111: hora contabilizada | C111: =C110*8/7 -> 0 | D111: =D102/220*1.5*1.2 -> 27.3339 | E111: =C111*D111 -> 0 | G111: Excluir esta linha caso a contratação não tenha previsão de horas extras noturnas 50% explícita no edital
A112: Descanso Semanal Remunerado (DSR) - hora extra | B112: R$ | D112: =63/302*(SUM(E106:E111)) -> 0 | E112: =D112 -> 0 | G112: Excluir esta linha caso a contratação não tenha previsão de horas extras explícita no edital
A113: Base de cálculo da Insalubridade
...

Sheet 2.Encargos Sociais
A4: 2. Composição dos Encargos Sociais
A5: Código | B5: Descrição | C5: Valor
A6: A1 | B6: INSS | C6: 0.2
A7: A2 | B7: SESI | C7: 0.015
A8: A3 | B8: SENAI | C8: 0.01
A9: A4 | B9: INCRA | C9: 0.002
A10: A5 | B10: SEBRAE | C10: 0.006
A11: A6 | B11: Salário educação | C11: 0.025
A12: A7 | B12: Seguro contra acidentes de trabalho | C12: 0.03
A13: A8 | B13: FGTS | C13: 0.08
A14: A | B14: SOMA GRUPO A | C14: =SUM(C6:C13) -> 0.368
A16: B1 | B16: Férias gozadas | C16: =ROUND(IF('7.CAGED'!C39>24,(1-12/'7.CAGED'!C39)*0.1111,0.1111-C25),4) -> 0.0574
A17: B2 | B17: 13º salário | C17: =ROUND('7.CAGED'!C33/'7.CAGED'!C30,4) -> 0.0833
A18: B3 | B18: Licença Paternidade | C18: 0.0006
A19: B4 | B19: Faltas justificadas | C19: 0.0082
A20: B5 | B20: Auxilio acidente de trabalho | C20: 0.0031
A21: B6 | B21: Auxilio doença | C21: 0.0166
A22: B | B22: SOMA GRUPO B | C22: =SUM(C16:C21) -> 0.1692
A24: C1 | B24: Aviso prévio indenizado | C24: =ROUND(('7.CAGED'!C38) *'7.CAGED'!C29/'7.CAGED'!C30,4) -> 0.039
A25: C2 | B25: Férias indenizadas | C25: =ROUND(IF('7.CAGED'!C39>12,12/'7.CAGED'!C39*0.1111,0.1111),4) -> 0.0537
A26: C3 | B26: Férias indenizadas s/ aviso previo inden. | C26: =ROUND(('7.CAGED'!C32+'7.CAGED'!C31)/360*C24,4) -> 0.0043
A27: C4 | B27: Depósito rescisão sem justa causa | C27: =ROUND(('7.CAGED'!C30+'7.CAGED'!C31+'7.CAGED'!C33)/'7.CAGED'!C28*'7.CAGED'!C35*'7.CAGED'!C36*'7.CAGED'!C29/'7.CAGED'!C30,4) -> 0.0359
A28: C5 | B28: Indenização adicional | C28: =ROUND(('7.CAGED'!C32/'7.CAGED'!C30)*'7.CAGED'!C29/12,4) -> 0.0027
A29: C | B29: SOMA GRUPO C | C29: =SUM(C24:C28) -> 0.1356
A31: D1 | B31: Reincidência de Grupo A sobre Grupo B | C31: =ROUND(C14*C22,4) -> 0.0623
A32: D2 | B32: Reincidência de Grupo A sobre aviso prévio indenizado | C32: =ROUND((C24*C14),4) -> 0.0144
A33: D | B33: SOMA GRUPO D | C33: =SUM(C31:C32) -> 0.0767
B34: SOMA (A+B+C+D) | C34: =C33+C29+C22+C14 -> 0.7495
B35: Jaguarão, março de 2025
B39: Engº André Timm
B40: CREA 107270
B44: Luiz Carlos Barreto
B45: Secretário de Planejamento e Urbanismo

Sheet 3.BDI - PREFEITURA
A5: 4. Composição do BDI - Benefícios e Despesas Indiretas
D6: Referência estudo TCE
A7: Administração Central | B7: AC | C7: 0.0508 | D7: 0.0297 | E7: 0.0508 | F7: 0.0627
A8: Seguros/Riscos/Garantias | B8: SRG | C8: 0.0133 | D8: =0.3%+0.56% -> 0.0086 | E8: =0.48%+0.85% -> 0.0133 | F8: =0.82%+0.89% -> 0.0171
A9: Lucro | B9: L | C9: 0.1085 | D9: 0.0778 | E9: 0.1085 | F9: 0.1355
A10: Despesas Financeiras | B10: DF | C10: 0.012 | D10: i
A11: Tributos - ISS | B11: T | C11: 0.03 | D11: DU
A12: Tributos - PIS/COFINS | C12: 0.0365
A13: Fórmula para o cálculo do BDI:
A14: {[(1+AC+SRG) x (1+L) x (1+DF)] / (1-T)} -1
A15: Resultado do cálculo do BDI: | C15: =ROUND((((1+C7+C8)*(1+C9)*(1+C10))/(1-(C11+C12))-1),4) -> 0.2787 | D15: 0.2143 | E15: 0.2717 | F15: 0.3362
A17: Jaguarão, 19 de maio de 2025

Sheet 4. Depreciação
A1: 5. Depreciação Referencial TCE/RS (%)
A2: Idade do veículo (ano) | B2: Depreciação Média
A3: 1 | B3: 33.63
A4: 2 | B4: 43.13
A5: 3 | B5: 48.68
A6: 4 | B6: 52.62
A7: 5 | B7: 55.68
A8: 6 | B8: 58.18
A9: 7 | B9: 60.29
A10: 8 | B10: 62.12
A11: 9 | B11: 63.73
A12: 10 | B12: 65.18
A13: 11 | B13: 66.48
A14: 12 | B14: 67.67
... A17: 15 | B17: 70.73

Sheet 5. Dimensionamento
A6: 7. Dimensionamento da frota
A8: Indicador | B8: Unid | C8: Valor
A9: População (H) | B9: hab | C9: 26603
A10: Geração per capita (G) | B10: Kg/hab.dia | C10: =(530000/30)/C9 -> 0.6640855
A11: Geração total diária (Qd) | B11: ton/dia | C11: =C9*C10/1000 -> 17.666667
A12: Geração Mensal | B12: ton | C12: =(C11*30) -> 530
A13: Número de dias de coleta por semana (Dc) | B13: dia | C13: 6
A14: Quantitativo diário de coleta (Qc) | B14: ton/dia | C14: =IFERROR(C11*6/C13,0) -> 17.666667
A15: Densidade RSU compactado | B15: Kg/m³ | C15: 500
A16: Tipo de Veículo (1 = toco, 2 = truck) | C16: 2
A17: Capacidade do Compactador | B17: m³ | C17: 15
A18: Capacidade nominal de carga (Cc) | B18: ton | C18: =IF(AND(C17>=15,C16=1.1),5.8,C17/2) -> 7.5
A19: Número de Cargas por dia (Nc) | C19: =IFERROR(C14/C18,0) -> 2.3555556
A20: Número total de percursos de coleta por veículo, por dia (Np) | C20: 1.175 | H20: ver este item. Quantas por dia?
A21: Número de veículos da Frota (F) | C21: =IFERROR(C19/C20,0) -> 2.0047281

Sheet 6.Remuneração de capital
A1: 6. Remuneração de Capital
A3: Fórmula de cálculo da remuneração de capital:
A12: Jm = remuneração de capital mensal
A13: i = taxa de juros do mercado (sugere-se adotar a taxa SELIC)
A14: Im = investimento médio
A15: V0 = valor inicial do bem
A16: Vr = valor residual do bem
A17: n = vida útil do bem em anos

Sheet 7.CAGED
A1: CÁLCULO DAS VERBAS INDENIZATÓRIAS DOS EMPREGADOS NO SETOR DE COLETA DE RSU
A3: Para preencher esta planilha siga os passos 1 a 5:
A4: 1. Acesse o Portal do CAGED no link http://bi.mte.gov.br/cagedestabelecimento/pages/consulta.xhtml
A5: 2. Na Especificação da Consulta, selecione "Demonstrativo por período" e informe as competências relativas ao período Inicial e Final (últimos 12 meses)
A6: 3. Nível Geográfico: selecione "Unidade da Federação" e marque a opção "Rio Grande do Sul"
A7: 4. Nível Setorial: selecione "Classe de atividade econômica segundo a classificação CNAE – versão 2.0 (669 categorias)" e marque a opção "38114 – Coleta de Resíduos Não-Perigosos"
A8: 5. Clique em Gerar Relatório
A9: 6. Preencha as células em amarelo
B11: 3. CAGED
B12: Rio Grande do Sul - Coleta de Resíduos Não-Perigosos - CNAE 38114
B13: Admissões | C13: 2486
B14: Desligamentos | C14: 3303
B15: Dispensados com justa causa | C15: 81
B16: Dispensados sem justa causa | C16: 2336
B17: Espontâneos | C17: 342
B18: Fim de contrato por prazo determinado | C18: 18
B19: Término de contrato | C19: 500
B20: Aposentados | C20: 1
B21: Mortos | C21: 25
B22: Transferência de saída | C22: 0
B23: Indicadores
B24: Estoque recuperado início do Período 01-09-2016 | C24: 6400
B25: Estoque recuperado final do Período 31-08-2017 | C25: 5583
B26: Variação Emprego Absoluta de 01-09-2016 a 31-08-2017 | C26: -817
B28: Rotatividade | C28: =MEDIAN(C13,C14)/MEDIAN(C24,C25) -> 0.48310106 | G28: =12/C28 -> 24.839523
B29: Demitidos s/ Justa Causa em relação ao Estoque Médio | C29: =C16/MEDIAN(C24,C25) -> 0.38988567
B30: Dias ano | C30: 360
B31: 1/3 de férias (dias) | C31: 10
B32: Férias (dias) | C32: 30 | G32: =TRUNC(G37) -> 0
B33: 13º Salário (dias) | C33: 30
B34: Estoque Médio | C34: =MEDIAN(C24,C25) -> 5991.5
B35: FGTS | C35: 0.08 | K35: =IF(C39>12,C39-12,C39) -> 12.839523
B36: Multa FGTS | C36: 0.5 | K36: =IF(#REF!>12,#REF!-12,#REF!) -> #REF!
B37: Fração de tempo para gozo férias | C37: =((1/C28)-TRUNC(E37)) -> 0.069960269 | D37: =TRUNC(E37) -> 2 | E37: =1/C28 -> 2.0699603 | F37: =((1/C28)-TRUNC(E37)) -> 0.069960269 | G37: =12*F37 -> 0.83952323 | K37: =IF(#REF!>12,#REF!-12,#REF!) -> #REF!
B38: Dias de Aviso prévio | C38: =30+D38 -> 36 | D38: =3*D37 -> 6 | G38: =G37/12*40/360 -> 0.0077733633 | K38: =IF(#REF!>12,#REF!-12,#REF!) -> #REF!
B39: Rotatividade temporal (meses) | C39: =12/C28 -> 24.839523 | K39: =IF(#REF!>12,#REF!-12,#REF!) -> #REF!
K40: =IF(K39>12,K39-12,K39) -> #REF!
K41: =IF(K40>12,K40-12,K40) -> #REF!

Sheet BDI - TCE
A6: 4. Composição do BDI - Benefícios e Despesas Indiretas
D8: Referência estudo TCE
D9: 1° Quartil | E9: Médio | F9: 3° Quartil
A10: Administração Central | B10: AC | C10: 0.058 | D10: 0.0297 | E10: 0.0508 | F10: 0.0627
A11: Seguros/Riscos/Garantias | B11: SRG | C11: 0.01 | D11: =0.3%+0.56% -> 0.0086 | E11: =0.48%+0.85% -> 0.0133 | F11: =0.82%+0.89% -> 0.0171
A12: Lucro | B12: L | C12: 0.1085 | D12: 0.0778 | E12: 0.1085 | F12: 0.1355
A13: Despesas Financeiras | B13: DF | C13: 0.012 | D13: i
A14: Tributos - ISS | B14: T | C14: 0.05 | D14: DU
A15: Tributos - PIS/COFINS | C15: 0.0365
A16: Fórmula para o cálculo do BDI:
A17: {[(1+AC+SRG) x (1+L) x (1+DF)] / (1-T)} -1
A18: Resultado do cálculo do BDI: | C18: =ROUND((((1+C10+C11)*(1+C12)*(1+C13))/(1-(C14+C15))-1),4) -> 0.3115 | D18: 0.2143 | E18: 0.2717 | F18: 0.3362
